 Dungeon Crawl Stone Soup version 0.22-a0-142-g91cc6d7 (webtiles) character file.

21 Azzok the Vexing (level 2, -2/15 HPs)
             Began as a Deep Elf Enchanter on Feb 5, 2018.
             Slain by a sky beast (3 damage)
             ... on level 2 of the Dungeon.
             The game lasted 00:04:30 (1718 turns).

Azzok the Vexing (Deep Elf Enchanter)               Turns: 1718, Time: 00:04:30

Health: -2/15      AC:  2    Str:  5    XL:     2   Next: 62%
Magic:  3/8        EV: 13    Int: 19    God:
Gold:   123        SH:  0    Dex: 15    Spells: 4/7 levels left

rFire    . . .     SeeInvis .   f - +1 dagger (speed)
rCold    . . .     Gourm    .   (no shield)
rNeg     . . .     Faith    .   b - +0 robe
rPois    .         Spirit   .   (no helmet)
rElec    .         Reflect  .   (no cloak)
rCorr    .         Harm     .   (no gloves)
MR       .....                  (no boots)
Stlth    +++.......             (no amulet)
HPRegen  0.05/turn              (no ring)
MPRegen  0.11/turn              (no ring)

@: no status effects
A: no striking features
a: no special abilities


You were on level 2 of the Dungeon.
You were not hungry.

You visited 1 branch of the dungeon, and saw 2 of its levels.

You collected 123 gold pieces.

Inventory:

Hand Weapons
 f - a +1 dagger of speed (weapon)
Armour
 b - a +0 robe (worn)
Scrolls
 e - a scroll of identify {unknown}
 g - a scroll of random uselessness {unknown}
Potions
 h - a potion of brilliance {unknown}
Books
 c - a book of Maledictions

   Spells                             Type                      Level
   a - Corona                         Hexes                        1
   b - Ensorcelled Hibernation        Hexes/Ice                    2
   c - Confuse                        Hexes                        3
   d - Tukima's Dance                 Hexes                        3
   e - Dazzling Spray                 Conjuration/Hexes            3
Comestibles
 d - 3 rations


   Skills:
 + Level 1.7 Short Blades
 - Level 2.4 Dodging
 + Level 4.1 Stealth
 - Level 3.0 Spellcasting
 + Level 4.5 Hexes


You had 4 spell levels left.
You knew the following spells:

 Your Spells              Type           Power        Failure   Level  Hunger
a - Corona                Hex            ###....      2%          1    None
b - Ensorcelled Hibernat  Hex/Ice        ##....       9%          2    ##.....


Dungeon Overview and Level Annotations

Branches:
Dungeon (2/15)

Altars:


Message History

Casting: Corona (safe; 2% risk of failure)
Confirm with . or Enter, or press ? or * to list all spells.
Aiming: Ensorcelled Hibernation (safe; 9% risk of failure)
Press: ? - help, Shift-Dir - straight line, f - sky beast
Aim: a sky beast (softly glowing, slightly transparent, chance to defeat MR: 42%)
The sky beast looks drowsy...
The helpless sky beast fails to defend itself.
You impale the sky beast!!
The sky beast is severely wounded.
The sky beast hits you. The sky beast shocks you.
You hit the sky beast.
The sky beast is severely wounded.
You barely miss the sky beast.
The sky beast is severely wounded.
The sky beast hits you. The sky beast shocks you.
* * * LOW HITPOINT WARNING * * *
You closely miss the sky beast.
The sky beast is severely wounded.
The sky beast hits you.
You die...

▒▒▒ ··▒
▒·▒
▒▒▒▒▒·▒▒▒
▒·······▒
▒<▒ ▒@▒
▒Y▒ ▒·▒
▒·▒ ▒·▒
··· ···▒▒
=····
··▒▒··


You could see a sky beast (invisible).

Vanquished Creatures
  A ball python (D:1)
  A giant cockroach (D:1)
  3 goblins (D:1)
  A hobgoblin (D:1)
  3 kobolds (D:1)
  6 bats (D:1)
  3 frilled lizards
  3 rats (D:1)
21 creatures vanquished.

Notes
Turn   | Place    | Note
-------+----------+-------------------------------------------
     0 | D:1      | Azzok the Deep Elf Enchanter began the quest for the Orb.
     0 | D:1      | Reached XP level 1. HP: 10/10 MP: 6/6
   714 | D:1      | Reached XP level 2. HP: 15/15 MP: 6/8
   720 | D:1      | Learned a level 2 spell: Ensorcelled Hibernation
  1701 | D:2      | Noticed a sky beast
  1718 | D:2      | Slain by a sky beast

Vault maps used:
D:1:      dpeg_arrival_line_fractal, minmay_split_cup_small
D:2:      overflow_temple_1_default, nicolae_dithmenos_through_a_glass_darkly,
          lemuel_zombie_altar_kikubaaqudgha, first_ration

Skill      XL: |  1  2 |
---------------+-------+-----
Stealth        | 4 |  4.1
Short Blades   | |  1.7
Dodging        | |  2.4
Spellcasting   | |  3.0
Hexes          | |  4.5

Action                   || total
-------------------------++-------
Melee: Dagger            ||    65
 Cast: Corona            ||    18
       Ensorcelled Hiber ||    10
 Stab: Sleeping          ||    11
  Eat: Chunk             ||     3
Armor: Robe              ||    19
Dodge: Dodged            ||    56

Table legend:
 A = Spawn XP
 B = Non-spawn XP
 C = Spawn XP percentage of total XP
 D = Spawn monster count
 E = Non-spawn monster count
 F = Spawn count percentage of total count
 G = Total turns spent on level
                    A         B        C        D         E        F      G
               +---------+---------+-------+---------+---------+-------+---------
         Total |       0 |      30 |   0.0 |       0 |      21 |   0.0 |  1718
               +---------+---------+-------+---------+---------+-------+---------
           D:1 |       0 |      29 |   0.0 |       0 |      20 |   0.0 |  1699
           D:2 |       0 |       1 |   0.0 |       0 |       1 |   0.0 |    19
               +---------+---------+-------+---------+---------+-------+---------
